 Dungeon Crawl Stone Soup version 0.22-a0-558-gc224181 (webtiles) character file.

343 pk666 the Magician (level 6, 0/32 HPs)
             Began as a Deep Elf Fire Elementalist on June 28, 2018.
             Slain by an orc wizard
             ... wielding a +4 dagger
              (6 damage)
             ... on level 3 of the Dungeon.
             The game lasted 00:07:04 (2876 turns).

pk666 the Magician (Deep Elf Fire Elementalist)     Turns: 2876, Time: 00:07:05

Health: 0/32       AC:  3    Str:  5    XL:     6   Next: 31%
Magic:  7/15       EV: 13    Int: 22    God:
Gold:   89         SH:  0    Dex: 15    Spells: 11/15 levels left

rFire    . . .     SeeInvis .   (no weapon)
rCold    . . .     Gourm    .   (no shield)
rNeg     . . .     Faith    .   a - +1 robe
rPois    .         Spirit   .   (no helmet)
rElec    .         Reflect  .   (no cloak)
rCorr    .         Harm     .   (no gloves)
MR       .....                  (no boots)
Stlth    +.........             g - amulet of inaccuracy (curse)
HPRegen  0.10/turn              (no ring)
MPRegen  0.14/turn              (no ring)

@: confused
A: no striking features
a: no special abilities


You were on level 3 of the Dungeon.
You were not hungry.

You visited 1 branch of the dungeon, and saw 4 of its levels.

You collected 89 gold pieces.

Inventory:

Armour
 a - a +1 robe (worn)
Jewellery
 g - a cursed amulet of inaccuracy (around neck)
Wands
 p - a wand of enslavement (20)
Scrolls
 d - a scroll of fear
 j - a scroll of enchant weapon
 l - a scroll of enchant armour
 u - a scroll of teleportation
Potions
 b - a potion of cancellation
 e - a potion of haste
 f - a potion of mutation {unknown}
 h - a potion of curing {unknown}
 i - a potion of ambrosia {unknown}
 k - 2 potions of agility
 m - a potion of lignification {unknown}
 n - a potion of might {unknown}
 q - a potion of flight {unknown}
 r - a potion of heal wounds {unknown}
Comestibles
 c - 6 rations
 o - 3 chunks of flesh


   Skills:
 - Level 2.4 Dodging
 - Level 2.4 Stealth
 + Level 5.3 Spellcasting
 + Level 4.8 Conjurations
 + Level 4.9 Fire Magic


You had 11 spell levels left.
You knew the following spells:

 Your Spells              Type           Power        Failure   Level  Hunger
a - Flame Tongue          Conj/Fire      ####.        1%          1    None
b - Conjure Flame         Conj/Fire      ####....     4%          3    ##.....

Your spell library contained the following spells:

 Spells                   Type           Power        Failure   Level  Hunger
 Fireball                 Conj/Fire      ####......   36%         5    #####..
 Throw Flame              Conj/Fire      ####..       1%          2    None
 Sticky Flame             Conj/Fire      ####....     13%         4    ####...
 Inner Flame              Hex/Fire       ###.....     11%         3    ##.....


Dungeon Overview and Level Annotations

Branches:
Dungeon (4/15)
 Temple: D:4-7

Altars:
Cheibriados
Nemelex Xobeh
Sif Muna
Yredelemnul

Annotations:
D:4 Ijyb


Message History

The flame tongue hits the orc wizard.
The orc wizard appears unharmed.
The orc wizard is almost dead.
Something hits you but does no damage. The orc wizard barely misses you.
Casting: Flame Tongue (safe; 1% risk of failure)
Confirm with . or Enter, or press ? or * to list all spells.
Aiming: Flame Tongue (safe; 1% risk of failure)
Press: ? - help, Shift-Dir - straight line, f/p - orc wizard
Aim: an orc wizard, wielding a dagger and wearing a robe (almost dead)
The flame tongue hits the orc wizard.
You kill the orc wizard!
You hear some strange, mumbled words.
You are confused.
You're too confused to cast spells.
Okay, then.
Something hits you.
* * * LOW HITPOINT WARNING * * *
Things that are here:
a dagger; a robe; an orc corpse Something hits you.
You die...

#......#####
##...#.....#
#########.....#.#
##....(#.....#...###
##..........)..##...###
#...............##.....
#...>[..........###[...
#...[>).........#######
#...[)@............# #
#..<............##.#
##..............##.####
##.....#.....#..#...#.
##############..#....
#........).......
#.........####...
#.........# #...
#^........# #.##


There were no monsters in sight!

Vanquished Creatures
  Menkaure (D:4)
  3 orc wizards
  A worker ant (D:3)
  4 adders
  An ooze (D:2)
  3 worms (D:2)
  A dart slug (D:3)
  12 orcs
  5 bats
  A giant cockroach (D:2)
  7 hobgoblins
  8 goblins
  4 kobolds
  A leopard gecko skeleton (D:4)
  6 rats
58 creatures vanquished.

Notes
Turn   | Place    | Note
-------+----------+-------------------------------------------
     0 | D:1      | pk666 the Deep Elf Fire Elementalist began the quest for the Orb.
     0 | D:1      | Reached XP level 1. HP: 10/10 MP: 6/6
   462 | D:1      | Reached XP level 2. HP: 14/15 MP: 6/8
   710 | D:2      | Reached XP level 3. HP: 19/19 MP: 6/10
   817 | D:2      | Found a sparkling altar of Nemelex Xobeh.
   923 | D:2      | Found a basalt altar of Yredelemnul.
  1275 | D:2      | Found a deep blue altar of Sif Muna.
  1275 | D:2      | Found a snail-covered altar of Cheibriados.
  1790 | D:3      | Reached XP level 4. HP: 24/24 MP: 8/11
  1795 | D:3      | Learned a level 3 spell: Conjure Flame
  1930 | D:3      | Reached skill level 4 in Spellcasting
  2249 | D:4      | Noticed Menkaure
  2255 | D:4      | Killed Menkaure
  2255 | D:4      | Reached XP level 5. HP: 28/28 MP: 10/14
  2358 | D:4      | Reached skill level 5 in Spellcasting
  2358 | D:4      | Reached XP level 6. HP: 32/32 MP: 9/15
  2453 | D:4      | Noticed Ijyb
  2876 | D:3      | Slain by an orc wizard

Vault maps used:
D:1:      dpeg_arrival_erosion, nrook_mini_backslash
D:2:      chequers_temple_overflow_statue_of_worship,
          gammafunk_temple_overflow_wave
D:3:      minmay_cut_off
D:4:      elyvilon_altar_1, first_ration, uniq_menkaure, uniq_ijyb

Skill      XL: |  1  2  3  4  5 |
---------------+----------------+-----
Conjurations   | 2 3 4 |  4.8
Spellcasting   | 4 5 |  5.3
Fire Magic     | 4 |  4.9
Dodging        | |  2.4
Stealth        | |  2.4

Action                   |  1- 3 |  4- 6 || total
-------------------------+-------+-------++-------
 Cast: Flame Tongue      |    68 |    57 ||   125
  Use: Scroll            |    10 |       ||    10
  Eat: Chunk             |     2 |     4 ||     6
Armor: Robe              |     3 |    10 ||    13
Dodge: Dodged            |    13 |    30 ||    43

Table legend:
 A = Spawn XP
 B = Non-spawn XP
 C = Spawn XP percentage of total XP
 D = Spawn monster count
 E = Non-spawn monster count
 F = Spawn count percentage of total count
 G = Total turns spent on level
                    A         B        C        D         E        F      G
               +---------+---------+-------+---------+---------+-------+---------
         Total |       0 |     490 |   0.0 |       0 |      58 |   0.0 |  2876
               +---------+---------+-------+---------+---------+-------+---------
           D:1 |       0 |      13 |   0.0 |       0 |       9 |   0.0 |   597
           D:2 |       0 |      58 |   0.0 |       0 |      19 |   0.0 |   845
           D:3 |       0 |     139 |   0.0 |       0 |      20 |   0.0 |  1201
           D:4 |       0 |     280 |   0.0 |       0 |      10 |   0.0 |   233
               +---------+---------+-------+---------+---------+-------+---------
